 Dungeon Crawl Stone Soup version 0.30-a0-55-g90e3122c3a (webtiles) character file.

Game seed: 16953674712930758887

209 TrveKvltVest666 the Cudgeller (level 6, -1/30 (53) HPs)
             Began as a Meteoran Cinder Acolyte on Sept 9, 2022.
             Was a High Priest of Ignis.
             Succumbed to their own poison gas
             ... on level 4 of the Dungeon.
             The game lasted 00:14:50 (2164 turns).

TrveKvltVest666 the Cudgeller (MeCA)                Turns: 2164, Time: 00:14:51

HP:   -1/30 (53)    AC: 11    Str: 17    XL:     6   Next: 34%
MP:   9/9           EV:  5    Int: 16    God:    Ignis [*****.]
Gold: 85            SH:  5    Dex: 10    Spells: 5/7 levels left

rFire   + . .      SeeInvis .    a - +0 mace (flame)
rCold   . . .      Faith    .    (no shield)
rNeg    . . .      Spirit   .    p - +0 plate armour
rPois   .          Reflect  +    (no helmet)
rElec   .          Harm     .    (no cloak)
rCorr   .          Rampage  .    (no gloves)
Will    .....                    f - +0 pair of boots
Stlth   ..........               c - amulet of reflection
HPRegen 0.10/turn                q - ring of flight
MPRegen 0.11/turn                (no ring)

@: lethally poisoned (-1 -> -31), flying, glowing, very heavily drained
A: sense surroundings 1, otherworldly, glowing, explore regen
a: Renounce Religion, Fiery Armour, Foxfire Swarm, Rising Flame


You were on level 4 of the Dungeon.
You worshipped Ignis.
Ignis was extremely pleased with you.
You visited 1 branch of the dungeon, and saw 4 of its levels.

You collected 85 gold pieces.

Inventory:

Hand Weapons
 a - a +0 mace of flaming (weapon)
Missiles
 e - 42 stones (quivered)
 l - 6 poisoned darts
Armour
 b - a +0 robe
 f - a +0 pair of boots (worn)
 m - a +0 leather armour
 p - a +0 plate armour (worn)
 s - a +0 ring mail
Jewellery
 c - an amulet of reflection (around neck)
 o - an amulet of the acrobat
 q - a ring of flight (left hand)
Scrolls
 r - a scroll of teleportation
Potions
 d - a potion of heal wounds {unknown}
 g - 3 potions of brilliance
 h - a potion of curing {unknown}
 i - a potion of might {unknown}
 j - 3 potions of attraction {unknown}
 k - 2 potions of cancellation {unknown}
 n - a potion of magic {unknown}


   Skills:
 * Level 4.5 Fighting
 * Level 6.5 Maces & Flails
 + Level 1.9 Armour
 + Level 0.2 Dodging
 + Level 1.1 Shields
 + Level 1.3 Spellcasting
 + Level 4.0 Fire Magic


You had 5 spell levels left.
You knew the following spells:

 Your Spells              Type           Power      Damage    Failure   Level
a - Scorch                Fire           26%        2d6       98%         2

Your spell library contained the following spells:

 Spells                   Type           Power      Damage    Failure   Level
 Sting                    Tmut/Pois      4%         1d3       100%        1
 Poisonous Vapours        Pois/Air       2%         N/A       100%        2
 Olgreb's Toxic Radiance  Pois           1%         N/A       100%        4


Dungeon Overview and Level Annotations

Branches:
Dungeon (4/15) Zot: 613
 Temple: D:4-7

Altars:
Elyvilon
Kikubaaqudgha


Innate Abilities, Weirdness & Mutations

You passively map a small area around you.
You are easily found by Zot.
You glow in the dark.
You regain HP and MP as you explore.


Message History

The orc hits you with a +0 war axe.
You barely miss the orc. The orc hits you with a +0 war axe.
* * * LOW HITPOINT WARNING * * *
You hit the orc. You burn the orc.
You kill the orc!
Things that are here:
a +0 war axe; an orc corpse
Things that are here:
a +0 dagger; a +0 robe
Things that are here:
a +0 club; a goblin corpse
Things that are here:
a +0 dagger; a +0 robe An orc comes into view.
It is wielding a +0 falchion.
The orc shouts!
Things that are here:
a +0 war axe; an orc corpse The orc hits you but does no damage.
You hit the orc. You burn the orc.
The orc is heavily wounded.
The orc hits you but does no damage.
You sock the orc! You burn the orc.
You kill the orc!
You see here a +0 falchion.
t - a scroll labelled ASOUHE IMORE You see here a +0 falchion.
The air fills with toxic fumes!
As you read the scroll labelled ASOUHE IMORE, it crumbles to dust.
It was a scroll of poison.
Really fly into that cloud of poison gas? [Y]es or [N]o only, please.
Really fly into that cloud of poison gas?
You are engulfed in poison gas.
You are lethally poisoned!
* * * LOW HITPOINT WARNING * * *
You feel very sick.
You are engulfed in poison gas.
You are more poisoned.
* * * LOW HITPOINT WARNING * * *
You die...

, #.#.. _ , #.... * * ,
#.... , #.# *#....... * #
, ... #......## *,* §.#.
***#.#**##..###.# §§#§#
#.# ##...###.##
§§§§§#####§###...###...#
§§§§§§§@§§§#~~...~~##.[#
,
,§§§§§§§§§§§#~..♣..~##..#
..#§§§§.§§§§§§§.....#..#
#§§§§§§§§§§♣§_.♣.....† ,
#§§§§§§§§§§§§...[.##.#
.##§§§§§§§§#§§§♣..~###.#
.§§§§§§§§§##~§§..~~# #.#
##############§..### #.#
, ##.## #.#


There were no monsters in sight!

Vanquished Creatures
  A jelly (D:4)
  Jessica (D:3)
  An orc wizard (D:4)
  The ghost of fly the Sneak, a weakling DgDe (D:3)
  5 adders
  3 worms
  3 orcs (D:4)
  5 endoplasms
  2 giant cockroaches (D:3)
  2 goblins
  7 hobgoblins
  3 jackals (D:3)
  4 quokkas
  8 ball pythons
  5 bats
  4 frilled lizards
  5 kobolds
  A rat (D:2)
61 creatures vanquished.

Vanquished Creatures (others)
  An orc (D:4)
  A quokka (D:4)
  A plant (D:2)
3 creatures vanquished.

Grand Total: 64 creatures vanquished

Notes
Turn   | Place    | Note
-------+----------+-------------------------------------------
     0 | D:1      | TrveKvltVest666 the Meteoran Cinder Acolyte began the quest
                  | for the Orb.
     0 | D:1      | Reached XP level 1. HP: 19/19 MP: 3/3
   171 | D:1      | Reached XP level 2. HP: 16/26 MP: 5/5
   496 | D:1      | Glimpsed the power of Zot.
   598 | D:2      | Reached XP level 3. HP: 31/31 MP: 6/6
  1038 | D:2      | Learned a level 2 spell: Scorch
  1076 | D:2      | Found a faded altar of an unknown god.
  1090 | D:2      | Glimpsed the power of Zot.
  1114 | D:2      | Reached skill level 5 in Maces & Flails
  1139 | D:2      | Glimpsed the power of Zot.
  1179 | D:2      | Glimpsed the power of Zot.
  1238 | D:3      | Found an ancient bone altar of Kikubaaqudgha.
  1301 | D:3      | Reached skill level 1 in Armour
  1301 | D:3      | Reached XP level 4. HP: 30/39 MP: 7/7
  1445 | D:3      | Found a runed translucent gate.
  1445 | D:3      | Found a runed translucent gate.
  1445 | D:3      | Found a runed translucent gate.
  1446 | D:3      | Noticed fly's ghost (weakling DgDe)
  1457 | D:3      | Killed fly's ghost
  1458 | D:3      | Reached XP level 5. HP: 38/45 MP: 8/8
  1531 | D:3      | Reached skill level 6 in Maces & Flails
  1645 | D:3      | Noticed Jessica
  1650 | D:3      | Killed Jessica
  1679 | D:3      | Glimpsed the power of Zot.
  1729 | D:3      | Glimpsed the power of Zot.
  1769 | D:3      | Glimpsed the power of Zot.
  1779 | D:3      | Touched by the power of Zot.
  1878 | D:3      | Glimpsed the power of Zot.
  1928 | D:3      | Glimpsed the power of Zot.
  1968 | D:3      | Glimpsed the power of Zot.
  1978 | D:3      | Touched by the power of Zot.
  2117 | D:4      | Reached XP level 6. HP: 13/25 MP: 9/9
  2119 | D:4      | Reached skill level 1 in Shields
  2125 | D:4      | Found a white marble altar of Elyvilon.
  2164 | D:4      | Succumbed to their own poison gas

Illustrated notes

Levels and vault maps discovered:
D:1:      dpeg_arrival_solitude, layout_basic, minmay_shallow_snake_nest
D:2:      layout_basic, hellmonk_ecumenical_altar_arch_garden,
          minmay_misc_feat_square, guppyfry_early_lair_pool
D:3:      layout_loops_cross, lemuel_round_altar, ebering_ghost_rock_garden,
          serial_park_tiny_2, minmay_close_crescents, uniq_jessica
D:4:      layout_loops_ring, elyvilon_altar_4,
          mainiacjoe_overflow_large_starburst, minmay_temple_entry_tees

Skill      XL: |  1  2  3  4  5  6 |
---------------+-------------------+-----
Maces & Flails | 5 6 |  6.5
Fire Magic     | 4 |  4.0
Armour         | 1 |  1.9
Fighting       | 4 |  4.5
Shields        | 1 |  1.1
Dodging        | |  0.2
Spellcasting   | |  1.3

Action                   |  1- 3 |  4- 6 || total
-------------------------+-------+-------++-------
Melee: Mace              |    80 |   101 ||   181
       Punch             |     1 |       ||     1
  Use: Scroll            |     4 |     1 ||     5
Armor: Robe              |     2 |       ||     2
       Plate armour      |    26 |    78 ||   104
       Leather armour    |     3 |       ||     3
Dodge: Dodged            |    30 |    17 ||    47
Block: Other             |    19 |    29 ||    48
       Reflection        |     2 |     1 ||     3

Table legend: (Time is in decaauts)
 A = Elapsed time spent in this place.
 B = Non-inter-level travel time spent in this place.
 C = Inter-level travel time spent in this place.
 D = Time resting spent in this place.
 E = Time spent auto-exploring this place.
 F = Levels seen in this place.
 G = Mean time per level.
                   A        B        C        D        E       F      G
               +--------+--------+--------+--------+--------+-----+--------+
         Total |   2187 |   2187 |      0 |      6 |    611 |   4 |  546.8 |
       Dungeon |   2187 |   2187 |      0 |      6 |    611 |   4 |  546.8 |
               +--------+--------+--------+--------+--------+-----+--------+

Top non-repeatable levels by time:
     D:3: 804 daAuts
     D:2: 666 daAuts
     D:1: 533 daAuts
     D:4: 183 daAuts
